Map: Долина кактусов РВ (Void)

Players

ELESTRAGO - Winner!

  • Race: Terran Terran
  • League: Master
  • Spawn Location: 5:00

lIlIIlIlIIll

  • Race: Zerg Zerg
  • League: Grandmaster
  • Spawn Location: 1:00

VOD

https://www.youtube.com/watch?v=NRqM2i0JOc0

Description

Time

  • Played on: March 26, 2017, 10:04 a.m.
  • Length: 5:57
Show
View Real Time Build Order
Export as new Build Order

ELESTRAGO Terran - Winner!

Build Orders: Liberator Opening, Reaper Expand 

Get SALT Encoding   

  12  0:00  SCV  
  13  0:13  SCV  
  14  0:18  Supply Depot  
  14  0:25  SCV  
  15  0:28  Refinery  
  15  0:40  SCV  
  16  0:45  Barracks  
  16  0:52  SCV  
  17  1:04  SCV  
  18  1:16  SCV  
  19  1:33  Orbital Command, Reaper  
  20  1:46  Command Center  
  20  1:58  Factory  
  20  2:01  SCV  
  21  2:07  Barracks Reactor  
  21  2:13  SCV  
  21  2:15  Supply Depot  
  22  2:25  SCV  
  23  2:37  SCV  
  23  2:42  Refinery  
  24  2:45  Starport  
  24  2:49  SCV  
  25  2:51  Hellion  
  25  2:52  Hellion  
  25  2:53  Marine  
  30  2:59  Orbital Command  
  30  3:02  SCV  
  31  3:06  Liberator  
  31  3:23  Hellion x2  
  31  3:24  Marine  
  39  3:30  SCV x2  
  41  3:44  Hellion x2  
  41  3:45  SCV x2  
  45  3:49  Barracks Tech Lab  
  45  3:57  SCV  
  46  4:03  Supply Depot  
  46  4:04  Supply Depot  
  46  4:24  Medivac, Widow Mine x2, SCV  
  46  4:25  SCV  
  46  4:28  Engineering Bay  
  54  4:37  SCV x2  
  56  4:49  Marine, SCV x2  
  59  4:53  Command Center  
  59  5:01  SCV x2  
  59  5:04  Factory Reactor  
  61  5:13  SCV  
  62  5:30  Engineering Bay  
  62  5:32  Barracks x2, Engineering Bay  
  62  5:38  Marine, SCV x2  
  64  5:46  Refinery  
  64  5:47  Refinery  
  64  5:51  Barracks  
  64  5:53  Barracks  
Show
View Real Time Build Order
Export as new Build Order

lIlIIlIlIIll Zerg 

Build Orders: Hatch First 

Get SALT Encoding   

  12  0:00  Drone  
  13  0:12  Overlord  
  13  0:17  Drone  
  14  0:30  Drone x2  
  14  0:34  Drone  
  17  0:52  Hatchery  
  17  0:54  Drone  
  17  0:58  Drone  
  17  1:00  Extractor  
  17  1:14  Spawning Pool  
  16  1:18  Drone  
  16  1:22  Drone  
  18  1:27  Drone  
  19  1:38  Overlord  
  19  2:01  Metabolic Boost, Queen  
  19  2:04  Zergling x2, Queen  
  24  2:09  Zergling x2  
  25  2:27  Hatchery  
  24  2:30  Drone  
  24  2:35  Drone x2  
  27  2:39  Drone  
  27  2:43  Drone  
  29  2:47  Overlord  
  29  2:52  Drone x2  
  29  2:58  Drone  
  32  3:04  Overlord  
  32  3:08  Drone  
  32  3:09  Drone  
  32  3:12  Extractor  
  33  3:18  Drone x2  
  35  3:24  Overlord  
  35  3:27  Drone x4  
  35  3:30  Drone  
  40  3:37  Overlord  
  40  3:42  Drone  
  39  3:49  Zergling x2, Queen  
  39  3:50  Queen  
  39  3:52  Extractor  
  39  3:53  Extractor  
  42  3:58  Overlord  
  42  4:01  Overlord  
  42  4:04  Queen  
  42  4:07  Drone x3  
  47  4:11  Zergling x4  
  49  4:17  Drone x3  
  49  4:18  Drone  
  49  4:19  Drone  
  49  4:20  Drone  
  49  4:23  Drone  
  56  4:26  Drone  
  56  4:29  Queen  
  59  4:34  Overlord  
  59  4:38  Overlord  
  59  4:43  Spore Crawler  
  59  4:44  Drone x2  
  59  4:45  Drone  
  58  4:49  Drone x2  
  58  4:50  Drone x2  
  58  4:51  Drone  
  64  4:57  Zergling x4  
  63  5:01  Spore Crawler  
  63  5:06  Spore Crawler  
  58  5:09  Zergling x2  
  53  5:20  Drone  
  53  5:21  Drone x4  
  32  5:30  Drone  
  32  5:31  Drone  
  32  5:33  Drone  
  35  5:38  Drone  
  35  5:43  Drone  
Tags
 
Add a new tag
Caveats
  • Supply blocks, unpowered buildings, or Contaminate may cause inaccurate times.
  • Supply counts are checked every 10 seconds.